AoeStats
← 蟹黄堡

Black Forest

510203656Analyzed
3v3 RM · 2d ago on Sep 29, 2026· 95m 44s· 6 players
Game mode
Random Map
Map size
Normal (6 player)
Population
200
Speed
Normal
Resources
Standard
Victory
Conquest
Starting age
Dark Age
Ending age
Imperial Age
RankedLock teamsTeams togetherTeam positionsShared explorationLock speedFull tech treeHidden civsTurbo modeCheats
Victory
Defeat
🇮🇹 Spanish · Italy
622
+16
🇹🇷 Turks · Türkiye
583
+18
🇫🇷 Bohemians · France
520
+21
🇺🇸 Khmer · United States
679
-20
🇧🇷 Khmer · Brazil
606
-18
🇨🇳 Poles · China
597
-17
fondi.jeanmarc
12:06 Feudal Age
13:35 Wheelbarrow
13:11 Double-Bit Axe
13:38 Horse Collar
23:09 Castle Age
22:38 Forging
22:30 Scale Mail Armor
22:37 Scale Barding Armor
22:34 Padded Archer Armor
22:29 Fletching
24:27 Hand Cart
24:28 Heavy Plow
24:43 Bow Saw
25:00 Caravan
24:49 Elite Skirmisher
24:59 Pikeman
31:34 Squires
31:20 Arson
31:42 Husbandry
38:55 Imperial Age
37:54 Crossbowman
37:59 Man-at-Arms
39:41 Iron Casting
39:22 Chain Mail Armor
39:28 Chain Barding Armor
39:04 Bodkin Arrow
39:25 Leather Archer Armor
39:07 Cavalier
43:24 Blast Furnace
42:55 Plate Mail Armor
41:51 Arbalester
41:54 Halberdier
41:56 Long Swordsman
44:20 Chemistry
43:41 Ballistics
43:32 Masonry
43:46 Bracer
44:20 Ring Archer Armor
44:13 Two-Handed Swordsman
44:21 Light Cavalry
45:28 Conscription
44:39 Elite Hussite Wagon
45:30 Wagenburg Tactics
47:12 Bombard Tower
46:40 Arrowslits
46:47 Guard Tower
47:44 Architecture
49:03 Guilds
51:12 Champion
53:30 Houfnice
53:40 Heavy Scorpion
53:44 Onager
90:16 Coinage
89:58 Siege Engineers
90:04 Careening
90:04 Clinker Construction
89:50 Murder Holes
90:06 Fortified Wall
90:32 Keep
90:02 Siphons
90:13 Redemption
90:25 Sanctity
90:06 Devotion
90:32 Illumination
90:08 Atonement
90:24 Block Printing
90:05 Herbal Medicine
90:45 Theocracy
90:31 Heresy
90:33 Hussite Reforms
90:00 Sappers
90:45 Capped Ram
Legolas
1:22 Loom
14:29 Feudal Age
21:32 Fishing Lines
26:11 Castle Age
25:11 Double-Bit Axe
25:24 Horse Collar
26:04 Stone Mining
26:09 Gold Mining
27:54 Caravan
30:47 Bow Saw
30:34 Gillnets
31:35 Fortified Wall
32:54 Wheelbarrow
32:05 Town Watch
32:29 Padded Archer Armor
32:19 Fletching
32:40 Forging
32:36 Scale Barding Armor
33:11 Gold Shaft Mining
32:42 Heavy Plow
36:26 Imperial Age
36:07 Hand Cart
36:26 Coinage
37:29 Town Patrol
38:34 Two-Man Saw
37:40 Treadmill Crane
40:03 Elite Janissary
41:04 Conscription
40:42 Bodkin Arrow
41:03 Leather Archer Armor
41:24 Iron Casting
41:09 Chain Barding Armor
41:19 Artillery
41:54 Bracer
47:43 Banking
47:24 Guilds
48:08 Ring Archer Armor
48:39 Blast Furnace
48:15 Plate Barding Armor
49:24 Conscription
49:14 Scale Mail Armor
49:44 Bloodlines
49:34 Husbandry
49:17 Heavy Camel Rider
59:46 Hoardings
58:42 Sappers
xdoppiadx
0:36 Loom
13:57 Feudal Age
24:23 Castle Age
23:20 Town Watch
25:27 Double-Bit Axe
25:53 Horse Collar
26:32 Stone Mining
28:16 Town Patrol
29:05 Wheelbarrow
32:56 Imperial Age
31:27 Wheelbarrow
31:55 Heavy Plow
31:58 Gold Mining
33:23 Bow Saw
35:34 Two-Man Saw
39:10 Hand Cart
41:33 Caravan
42:01 Conscription
44:21 Forging
44:11 Scale Mail Armor
44:16 Scale Barding Armor
45:46 Coinage
45:51 Fortified Wall
45:27 Arrowslits
45:38 Murder Holes
47:10 Supremacy
47:52 Iron Casting
47:32 Chain Mail Armor
47:22 Scale Barding Armor
47:10 Fletching
47:20 Padded Archer Armor
46:55 Pikeman
47:35 Squires
47:20 Arson
47:33 Onager
48:39 Ballistics
49:21 Stone Shaft Mining
48:12 Cavalier
48:52 Husbandry
48:20 Halberdier
48:46 Gambesons
50:30 Blast Furnace
50:00 Plate Mail Armor
50:18 Coinage
49:58 Guilds
51:23 Plate Mail Armor
51:14 Chain Barding Armor
51:20 Bodkin Arrow
51:40 Leather Archer Armor
51:17 Guard Tower
52:27 Chemistry
51:39 Masonry
51:03 Man-at-Arms
52:38 Hoardings
53:06 Keep
53:13 Plate Barding Armor
53:01 Bracer
53:45 Elite Conquistador
55:44 Ring Archer Armor
55:12 Paladin
59:44 Bombard Tower
59:55 Architecture
66:46 Banking
71:59 Long Swordsman
74:18 Bloodlines
75:25 Heavy Mounted Crossbowman
75:36 Elite Skirmisher
76:22 Thumb Ring
79:38 Capped Ram
86:30 Sappers
89:10 Spies/Treason
felix
7:25 Loom
11:47 Feudal Age
13:06 Wheelbarrow
12:22 Town Watch
13:34 Double-Bit Axe
13:40 Horse Collar
19:17 Gold Mining
19:18 Stone Mining
25:02 Castle Age
26:02 Hand Cart
28:21 Imperial Age
25:53 Heavy Plow
29:18 Bow Saw
29:46 Gold Shaft Mining
29:50 Stone Shaft Mining
30:41 Gold Shaft Mining
31:23 Town Patrol
32:11 Caravan
36:16 Tusk Swords
36:53 Hoardings
36:44 Sappers
36:55 Sappers
38:12 Forging
38:02 Scale Mail Armor
37:53 Fletching
39:21 Crop Rotation
41:05 Conscription
42:35 Double Crossbow
44:15 Iron Casting
43:41 Padded Archer Armor
43:57 Chain Mail Armor
44:54 Onager
47:45 Crossbowman
50:03 Heavy Scorpion
53:28 Elite Ballista Elephant
55:14 Arbalester
56:21 Leather Archer Armor
57:07 Blast Furnace
56:02 Bodkin Arrow
56:13 Scale Barding Armor
57:35 Ring Archer Armor
60:05 Pikeman
65:32 Halberdier
75:43 Elite Skirmisher
brunoaraujo
0:42 Loom
16:57 Feudal Age
18:16 Wheelbarrow
17:26 Horse Collar
17:38 Double-Bit Axe
17:48 Town Watch
18:47 Gold Mining
23:14 Stone Mining
28:32 Scale Barding Armor
28:38 Forging
29:06 Fishing Lines
31:36 Castle Age
32:32 Hand Cart
32:44 Heavy Plow
33:59 Gold Shaft Mining
33:49 Chain Barding Armor
33:31 Husbandry
33:43 Bloodlines
34:00 Bow Saw
34:31 Stone Shaft Mining
36:21 Iron Casting
40:31 Imperial Age
38:12 Caravan
39:27 Gillnets
39:49 Town Patrol
42:17 Crop Rotation
42:11 Conscription
42:27 Hoardings
42:19 Sanctity
41:21 Cavalier
45:33 Plate Barding Armor
45:09 Tusk Swords
45:50 Elite Ballista Elephant
49:15 Double Crossbow
49:01 Light Cavalry
50:50 Masonry
50:51 Fortified Wall
51:49 Elite Battle Elephant
55:19 Fervor
57:30 Hussar
61:10 Onager
61:13 Heavy Scorpion
69:58 Architecture
75:38 Sappers
蟹黄堡
2:38 Loom
11:15 Feudal Age
11:39 Horse Collar
11:48 Double-Bit Axe
12:09 Loom
14:18 Wheelbarrow
22:04 Castle Age
20:02 Stone Mining
21:28 Forging
21:25 Scale Barding Armor
21:06 Fishing Lines
28:31 Iron Casting
28:17 Chain Barding Armor
28:00 Heavy Plow
27:55 Gold Mining
28:40 Stone Shaft Mining
28:34 Bow Saw
31:00 Gillnets
35:26 Imperial Age
34:33 Murder Holes
34:59 Ballistics
34:52 Masonry
34:40 Guard Tower
36:36 Caravan
38:00 Blast Furnace
37:34 Crop Rotation
37:24 Bloodlines
37:15 Husbandry
36:36 Cavalier
39:36 Chemistry
38:54 Szlachta Privileges
40:58 Bombard Tower
45:19 Siege Engineers
49:56 Hand Cart
49:28 Town Watch
51:59 Capped Ram
52:40 Fletching
52:50 Padded Archer Armor
56:09 Bodkin Arrow
56:30 Leather Archer Armor
62:26 Siege Ram
74:39 Lechitic Legacy
78:01 Heavy Mounted Crossbowman
78:58 Thumb Ring
78:14 Crossbowman
82:10 Arrowslits
83:02 Keep
82:36 Bracer
82:02 Arbalester
83:18 Onager
83:46 Light Cavalry
Connection lost

Rejoining the realm…

Still unreachable

The connection could not be restored.

Session expired

The server has moved on; the page needs a fresh start.